 Dungeon Crawl Stone Soup version 0.20-a0-454-g2b43fbb (webtiles) character file.

23018 tsouns the Thaumaturge (level 12, -6/58 HPs)
             Began as a Felid Fire Elementalist on Jan 5, 2017.
             Was a High Priest of Qazlal.
             Killed from afar by a fire dragon (10 damage)
             ... with a blast of flame
             ... on level 6 of the Lair of Beasts on Jan 9, 2017.
             The game lasted 01:53:02 (27310 turns).

tsouns the Thaumaturge (Felid Fire Elementalist)   Turns: 27310, Time: 01:53:02

Health: -6/58      AC:  6    Str:  4    XL:     12   Next: 68%
Magic:  19/28      EV: 27    Int: 22    God:    Qazlal [*****.]
Gold:   1626       SH:  6    Dex: 16    Spells: 4/33 levels left
                                        Lives:  0   Deaths: 4

rFire  + . .     SeeInvis +       - Unarmed
rCold  + . .     Gourm    .     (armour unavailable)
rNeg   . . .     Faith    +     (shield unavailable)
rPois  .         Spirit   .     (helmet unavailable)
rElec  .         Reflect  .     (cloak unavailable)
rCorr  .         Harm     .     (gloves unavailable)
MR     +....                    (boots unavailable)
Stlth  ++........               V - amulet of Yesterday {Faith Stlth+}
                                k - +3 ring of protection
                                e - ring of stealth

@: protected from fire, repel missiles, quick
A: no armour, no weapons or thrown items, stealth, claws 1, fangs 3, see
invisible, carnivore 3, speed 1, shaggy fur 3, slow metabolism 1, sharp paws
a: Upheaval, Elemental Force, Disaster Area, Renounce Religion


You were on level 6 of the Lair of Beasts.
You worshipped Qazlal.
Qazlal was extremely pleased with you.
You were very full.

You visited 2 branches of the dungeon, and saw 17 of its levels.

You collected 1626 gold pieces.

Inventory:

Jewellery
 e - a ring of stealth (left paw)
 i - an uncursed ring of poison resistance
 j - an uncursed ring of protection from fire
 k - a +3 ring of protection (right paw)
 n - an uncursed ring of protection from fire
 r - an uncursed ring of fire
 s - an uncursed ring of protection from cold
 x - an uncursed ring of positive energy
 V - the amulet of Yesterday (around neck) {Faith Stlth+}
   (You acquired it on level 6 of the Lair of Beasts)

   [amulet of faith]

   It allows you to gain divine favour quickly.
   It makes you more stealthy.
Wands
 p - a wand of enslavement (8/24)
 y - a wand of confusion (0/48)
 z - a wand of polymorph (13/24)
 B - a wand of polymorph (6/24)
 F - a wand of flame (22/48)
 H - a wand of iceblast (0/15)
 L - a wand of lightning (0/15)
 W - a wand of polymorph (12/24)
Scrolls
 h - 3 scrolls of recharging
 v - 2 scrolls of amnesia
 w - a scroll of fog
 E - 5 scrolls of remove curse
 G - 3 scrolls of magic mapping
 J - 3 scrolls of blinking
 O - 2 scrolls of identify
Potions
 d - 2 potions of flight
 g - 2 potions of might
 l - 2 potions of cure mutation
 m - a potion of curing
 q - 2 potions of resistance
 t - 2 potions of invisibility
 u - 4 potions of haste
 D - a potion of agility
 M - 3 potions of heal wounds
 P - 2 potions of cancellation
 R - a potion of brilliance
Books
 a - a book of Flames

   Spells                             Type                      Level
   a - Flame Tongue                   Conjuration/Fire             1
   b - Throw Flame                    Conjuration/Fire             2
   c - Conjure Flame                  Conjuration/Fire             3
   d - Inner Flame                    Hexes/Fire                   3
   e - Sticky Flame                   Conjuration/Fire             4
   f - Fireball                       Conjuration/Fire             5
 f - a book of Debilitation

   Spells                             Type                      Level
   a - Corona                         Hexes                        1
   b - Slow                           Hexes                        2
   c - Gell's Gravitas                Hexes/Translocation          3
   d - Inner Flame                    Hexes/Fire                   3
   e - Cause Fear                     Hexes                        4
   f - Leda's Liquefaction            Hexes/Earth                  4
 I - a book of Misfortune

   Spells                             Type                      Level
   a - Confusing Touch                Hexes                        1
   b - Confuse                        Hexes                        3
   c - Gell's Gravitas                Hexes/Translocation          3
   d - Petrify                        Transmutation/Earth          4
   e - Metabolic Englaciation         Hexes/Ice                    5
   f - Yara's Violent Unravelling     Hexes/Transmutation          5
 K - a book of Changes

   Spells                             Type                      Level
   a - Beastly Appendage              Transmutation                1
   b - Sticks to Snakes               Transmutation                2
   c - Spider Form                    Transmutation/Poison         3
   d - Ice Form                       Ice/Transmutation            4
   e - Blade Hands                    Transmutation                5
 S - a book of Transfigurations

   Spells                             Type                      Level
   a - Irradiate                      Conjuration/Transmutation    5
   b - Statue Form                    Transmutation/Earth          6
   c - Hydra Form                     Transmutation                6
   d - Dragon Form                    Transmutation                7
 U - a book of Conjurations

   Spells                             Type                      Level
   a - Magic Dart                     Conjuration                  1
   b - Searing Ray                    Conjuration                  2
   c - Dazzling Spray                 Conjuration/Hexes            3
   d - Fulminant Prism                Conjuration/Hexes            4
   e - Iskenderun's Mystic Blast      Conjuration                  4
   f - Iskenderun's Battlesphere      Conjuration/Charms           5
Miscellaneous
 o - a fan of gales (inert)
 C - a lightning rod (inert)
Comestibles
 b - 8 meat rations
 c - 14 beef jerkies
 N - 4 slices of pizza


   Skills:
 + Level 9.9 Fighting
 + Level 11.1 Dodging
 - Level 3.3 Stealth
 + Level 10.7 Unarmed Combat
 + Level 11.2 Spellcasting
 - Level 7.9 Conjurations
 - Level 2.8 Hexes
 - Level 7.5 Transmutations
 - Level 8.6 Fire Magic
 - Level 2.4 Ice Magic
 - Level 4.9 Invocations


You had 4 spell levels left.
You knew the following spells:

 Your Spells              Type           Power        Failure   Level  Hunger
a - Flame Tongue          Conj/Fire      #####        1%          1    None
b - Throw Flame           Conj/Fire      #####.       1%          2    None
c - Conjure Flame         Conj/Fire      #####...     1%          3    None
d - Sticky Flame          Conj/Fire      #####...     1%          4    #......
e - Fireball              Conj/Fire      #####.....   6%          5    ####...
f - Inner Flame           Hex/Fire       #####...     1%          3    None
g - Cause Fear            Hex            ###.......   17%         4    #......
h - Confuse               Hex            ###.....     6%          3    None
i - Ice Form              Ice/Tmut       ####....     10%         4    #......


Dungeon Overview and Level Annotations

Branches:
Dungeon (11/15)            Temple (0/1) D:7            Lair (6/6) D:9
  Swamp (0/4) Lair:3        Snake (0/4) Lair:2        Slime (0/5) Lair:5
    Orc: D:9-12

Altars:
Ashenzari
Dithmenos
Qazlal
Ru
Sif Muna
Trog
Vehumet
Yredelemnul
Jiyva

Annotations:
D:8 exclusion: statue


Innate Abilities, Weirdness & Mutations

You cannot wear armour.
You are incapable of wielding weapons or throwing items.
Your paws allow you to move quietly. (Stealth)
You have sharp claws.
You have razor-sharp teeth.
You have supernaturally acute eyesight. (SInv)
You are carnivorous and can eat meat at any time.
You cover ground quickly.
Your thick and shaggy fur keeps you warm. (AC +3, rC+)
You have a slow metabolism.
Your sharp claws are effective at attacking unaware monsters.


Message History

Evoking this partially-identified wand wasted a few charges.
You block the fire dragon's attack. The fire dragon barely misses you.
The fire dragon misses you.
Evoke which item? (* to show all) (? for menu, Esc to quit)
Aiming: Confuse (will waste charges)
Press: ? - help, Shift-Dir - straight line, f/p - fire dragon
Aim: a fire dragon (chance to defeat MR: 15%)
The fire dragon resists with almost no effort.
Evoking this partially-identified wand wasted a few charges.
The fire dragon completely misses you. The fire dragon closely misses you.
The fire dragon completely misses you.
Evoke which item? (* to show all) (? for menu, Esc to quit)
Aiming: Confuse (will waste charges)
Press: ? - help, Shift-Dir - straight line, f/p - fire dragon
Aim: a fire dragon (chance to defeat MR: 15%) Nothing appears to happen.
The fire dragon breathes flames at you. The blast of flame hits you!
You resist.
You feel more protected from fire.
You die...

....##.....#####.#...##
....P#...#### ##.....##
.......#####$ ##.##..##
......## #$$$ ###....#
...P...# #$$$ ##..###
...##### #$.$ #..##
....# $$####..# ....P
#D#8..## .... ##@§.###
.. #...##.# ###.§.## #
. ##...#.#....
##.......# #.##.P.##.#
### ####


You could see a fire dragon.

Vanquished Creatures
  Josephine (Lair:4)
  4 hydras
  Erica (D:8)
  A catoblepas (Lair:5)
  A two-headed ogre (D:9)
  3 death yaks (D:9)
  Nergalle (Lair:4)
  A fire crab (Lair:6)
  An unseen horror (D:11)
  3 wolf spiders
  4 elephants (Lair:3)
  11 black mambas
  A guardian serpent (Lair:6)
  A gargoyle (D:11)
  4 torpor snails (Lair:6)
  9 spiny frogs
  A centaur skeleton (D:11)
  A kobold demonologist (D:11)
  A rime drake (Lair:5)
  12 komodo dragons
  A troll (D:11)
  4 tyrant leeches
  7 hornets
  9 blink frogs
  6 hippogriffs
  2 redbacks (Lair:6)
  Sigmund (D:6)
  12 wyverns
  3 wraiths (Lair:4)
  24 yaks
  4 basilisks
  2 hungry ghosts
  Eustachio (D:4)
  2 nagas (Lair:2)
  17 water moccasins
  A porcupine (Lair:1)
  6 orc warriors
  3 sky beasts
  3 ice beasts
  6 ogres
  3 black bears
  An eye of draining (D:10)
  20 centaurs
  2 necrophages
  8 wolves
  4 phantoms
  17 crocodiles
  5 big kobolds
  13 bullfrogs
  A wyvern skeleton (D:10)
  7 scorpions
  11 killer bees
  3 jellies
  2 electric eels
  4 howler monkeys
  4 crimson imps
  2 bullfrog zombies
  5 hounds
  4 orc priests
  2 bullfrog skeletons
  An iron imp (D:11)
  Terence (D:2)
  10 iguanas
  11 orc wizards
  5 hell rats
  6 worker ants
  A killer bee zombie (D:9)
  A hound zombie (D:5)
  A hound skeleton (D:11)
  A worker ant zombie (D:11)
  8 river rats
  30 adders
  6 shadow imps
  2 oozes (D:3)
  2 adder skeletons
  2 worms
  2 dart slugs
  7 leopard geckos
  39 orcs
  8 bats
  4 giant cockroaches
  7 hobgoblins
  16 jackals
  36 kobolds
  11 quokkas
  7 ball pythons
  3 frilled lizards
  10 goblins
  A jackal skeleton (D:5)
  A jackal zombie (D:6)
  A quokka skeleton (D:5)
  8 rats
  3 plants
546 creatures vanquished.

Vanquished Creatures (collateral kills)
  The ghost of Graouh the Carver, a journeyman MiFi of Okawaru (D:10)
  A centaur (D:11)
  2 adders (D:11)
4 creatures vanquished.

Vanquished Creatures (others)
  3 centaurs (D:11)
  A kobold (D:10)
  A bush (Lair:6)
  28 fungi
  38 plants
71 creatures vanquished.

Grand Total: 621 creatures vanquished

Notes
Turn   | Place    | Note
-------+----------+-------------------------------------------
     0 | D:1      | tsouns the Felid Fire Elementalist began the quest for the Orb.
     0 | D:1      | Reached XP level 1. HP: 7/7 MP: 4/4
    68 | D:1      | Reached skill level 1 in Conjurations
   195 | D:1      | Reached XP level 2. HP: 8/11 MP: 4/6
   199 | D:1      | Learned a level 2 spell: Throw Flame
   734 | D:1      | Reached XP level 3. HP: 14/14 MP: 0/7
  1625 | D:2      | Noticed Terence
  1692 | D:1      | Learned a level 3 spell: Conjure Flame
  1874 | D:2      | Found a stormy altar of Qazlal.
  1974 | D:2      | Became a worshipper of Qazlal Stormbringer
  2099 | D:2      | Found a shadowy altar of Dithmenos.
  2103 | D:2      | Found a shattered altar of Ashenzari.
  2163 | D:2      | Found a sacrificial altar of Ru.
  2364 | D:2      | Reached XP level 4. HP: 18/18 MP: 5/9
  2504 | D:2      | Killed Terence
  2780 | D:2      | Reached XP level 5. HP: 15/21 MP: 5/10
  2991 | D:2      | Learned a level 4 spell: Sticky Flame
  3412 | D:2      | HP: 1/21 [adder (3)]
  3816 | D:3      | Reached * piety under Qazlal
  4081 | D:3      | Gained mutation: You are covered in thick fur. (AC +2) [Felid growth]
  4081 | D:3      | Reached XP level 6. HP: 17/24 MP: 1/12
  4085 | D:3      | Killed from afar by an orc wizard
  4086 | D:3      | Reached XP level 5. HP: -3/21 MP: 0/11
  4682 | D:4      | Reached XP level 6. HP: 24/24 MP: 8/13
  4705 | D:4      | Noticed Eustachio
  4715 | D:4      | Killed Eustachio
  5016 | D:4      | Reached skill level 5 in Fire Magic
  5016 | D:4      | Reached XP level 7. HP: 9/27 MP: 2/15
  5214 | D:4      | Learned a level 5 spell: Fireball
  5829 | D:5      | Entered Level 5 of the Dungeon
  5838 | D:5      | Reached ** piety under Qazlal
  6257 | D:5      | Reached skill level 1 in Unarmed Combat
  6466 | D:5      | Reached skill level 1 in Fighting
  6466 | D:5      | Reached skill level 5 in Spellcasting
  6974 | D:6      | Reached skill level 1 in Invocations
  7177 | D:6      | Reached XP level 8. HP: 32/32 MP: 4/16
  7272 | D:6      | Found a deep blue altar of Sif Muna.
  7828 | D:6      | Noticed Sigmund
  7877 | D:6      | Killed Sigmund
  7877 | D:6      | Reached skill level 5 in Conjurations
  8202 | D:7      | Noticed a hippogriff
  8214 | D:6      | Killed a hippogriff
  8382 | D:6      | Reached XP level 9. HP: 28/35 MP: 8/19
  8468 | D:7      | Reached *** piety under Qazlal
  8716 | D:7      | Found a basalt altar of Yredelemnul.
  8825 | D:7      | Learned a level 3 spell: Inner Flame
  8850 | D:7      | Found a staircase to the Ecumenical Temple.
  9861 | D:8      | Noticed Erica
  9933 | D:8      | Found a bloodstained altar of Trog.
 10214 | D:8      | Killed Erica
 10214 | D:8      | Reached skill level 5 in Dodging
 10214 | D:8      | Reached XP level 10. HP: 19/39 MP: 3/22
 10591 | D:8      | Found a radiant altar of Vehumet.
 10636 | D:8      | Reached **** piety under Qazlal
 11724 | D:9      | Noticed a death yak
 11732 | D:9      | Noticed a death yak
 11734 | D:9      | Noticed a death yak
 11743 | D:9      | Killed a death yak
 12079 | D:9      | Noticed a two-headed ogre
 12087 | D:9      | Killed a two-headed ogre
 12473 | D:9      | Found a staircase to the Lair.
 12570 | D:9      | Found a radiant altar of Vehumet.
 12691 | Lair:1   | Entered Level 1 of the Lair of Beasts
 12878 | D:10     | Entered Level 10 of the Dungeon
 12890 | D:10     | Reached XP level 11. HP: 36/45 MP: 6/24
 12894 | D:10     | Noticed Graouh's ghost (journeyman MiFi)
 13040 | Lair:1   | Noticed an eight-headed hydra
 13044 | Lair:1   | HP: 2/46 [eight-headed hydra (8)]
 13063 | Lair:1   | Killed an eight-headed hydra
 13198 | D:9      | Reached ***** piety under Qazlal
 13750 | Lair:1   | Reached skill level 5 in Fighting
 14209 | D:9      | Upgraded the game from 0.20-a0-435-gf4ea4dd to 0.20-a0-454-g2b43fbb
 15070 | D:11     | Reached skill level 10 in Spellcasting
 15079 | D:11     | HP: 1/49 [centaur/arrow (4)]
 15430 | D:11     | Learned a level 4 spell: Cause Fear
 15566 | D:11     | Reached skill level 1 in Hexes
 16196 | D:11     | Noticed an unseen horror
 16208 | D:11     | Killed an unseen horror
 16431 | D:11     | Gained mutation: Your thick and shaggy fur keeps you warm. (AC +3, rC+) [Felid growth]
 16431 | D:11     | Reached XP level 12. HP: 28/54 MP: 3/27
 16689 | D:10     | Killed Graouh's ghost
 16752 | D:10     | Gained mutation: You are resistant to hostile enchantments. (MR+) [potion of beneficial mutation]
 16827 | D:10     | Learned a level 3 spell: Confuse
 17179 | D:9      | Killed a death yak
 17179 | D:9      | Reached skill level 5 in Unarmed Combat
 17185 | D:9      | Killed a death yak
 17574 | Lair:1   | Learned a level 4 spell: Ice Form
 17675 | Lair:1   | Reached skill level 1 in Transmutations
 17803 | Lair:1   | Reached skill level 1 in Ice Magic
 18386 | Lair:2   | Found a staircase to the Snake Pit.
 18606 | Lair:2   | Noticed an eight-headed hydra
 18614 | Lair:2   | Slain by an eight-headed hydra
 18615 | Lair:2   | Reached XP level 11. HP: 0/50 MP: 20/26
 18624 | Lair:2   | Killed an eight-headed hydra
 19117 | Lair:2   | Noticed a six-headed hydra
 19121 | Lair:2   | Killed a six-headed hydra
 19275 | Lair:3   | Reached skill level 5 in Transmutations
 19804 | Lair:3   | Gained mutation: You have a pair of small antennae on your head. [potion of mutation]
 19804 | Lair:3   | Gained mutation: You are agile. (Dex +2) [potion of mutation]
 19804 | Lair:3   | Gained mutation: Your spells are a little easier to cast, but a little less powerful. [potion of mutation]
 19999 | Lair:3   | Reached XP level 12. HP: 52/54 MP: 14/27
 20325 | Lair:3   | Found a staircase to the Swamp.
 20605 | Lair:4   | Noticed Nergalle
 20785 | Lair:4   | Killed Nergalle
 21528 | Lair:4   | Noticed Josephine
 21538 | Lair:4   | Killed Josephine
 22213 | Lair:5   | Found a viscous altar of Jiyva.
 22213 | Lair:5   | Found a staircase to the Slime Pits.
 22629 | Lair:5   | Reached XP level 13. HP: 59/59 MP: 25/28
 23691 | Lair:6   | Entered Level 6 of the Lair of Beasts
 23738 | Lair:5   | HP: 3/72 [poisoned by a black mamba]
 24305 | Lair:6   | Reached skill level 10 in Unarmed Combat
 24461 | Lair:5   | Reached skill level 10 in Dodging
 24947 | Lair:6   | Lost mutation: You are resistant to hostile enchantments. (MR+) [potion of cure mutation]
 24947 | Lair:6   | Lost mutation: Your spells are a little easier to cast, but a little less powerful. [potion of cure mutation]
 24947 | Lair:6   | Lost mutation: You are agile. (Dex +2) [potion of cure mutation]
 24947 | Lair:6   | Lost mutation: You have a pair of small antennae on your head. [potion of cure mutation]
 24955 | Lair:6   | Identified a scroll of acquirement
 24957 | Lair:6   | Got a steaming jade amulet
 24958 | Lair:6   | Identified the amulet of Yesterday {Faith Stlth+} (You acquired it on level 6 of the Lair of Beasts)
 25071 | Lair:6   | Slain by a wolf spider
 25072 | Lair:6   | Reached XP level 12. HP: 0/68 MP: 2/27
 25166 | Lair:6   | Reached XP level 13. HP: 44/60 MP: 12/28
 25712 | Lair:6   | HP: 2/108 [guardian serpent (19)]
 25713 | Lair:6   | Mangled by a guardian serpent
 25714 | Lair:6   | Reached XP level 12. HP: -8/102 MP: 4/27
 26743 | Lair:6   | Noticed an eight-headed hydra
 26758 | Lair:6   | Killed an eight-headed hydra
 26947 | Lair:6   | Found a runed door.
 26951 | Lair:6   | Noticed a fire dragon
 27310 | Lair:6   | Killed from afar by a fire dragon

Vault maps used:
D:1:      ncdulo_wetmaze, hangedman_decor_diamond_cutter
D:2:      grunt_qazlal_clouds, nicolae_ru_awakened_eye,
          grunt_temple_overflow_open, minmay_snake_closets, uniq_terence
D:4:      serial_park_tiny_2, kennysheep_generic_room_4, uniq_eustachio
D:5:      kennysheep_kobold_camp, first_bread, nicolae_zen_rock_garden,
          grunt_decor_cap
D:6:      nicolae_overflow_crystal_walls, uniq_sigmund
D:7:      yredelemnul_altar_generic, grunt_ogre_cave
D:8:      vehumet_statue, grunt_ministairs_8, hangedman_decor_growths,
          bloody_trog, uniq_erica
D:9:      dpeg_lair_monsters, hex_medium, vehumet_altar_wand_db
D:10:     serial_bayou_crossing
D:11:     st_stairs_12, grunt_ministairs_11
Lair:1:   beast_lair_carwin_large_3, kennysheep_abandoned_house
Lair:2:   minmay_snake_entry_guardpost_small, serial_bayou_shore_b
Lair:3:   minmay_swamp_entry_worms, grunt_megastairs_3
Lair:4:   minmay_lair_venomous_thicket, st_stairs_6,
          nicolae_quartered_pool_little, uniq_nergalle, uniq_josephine
Lair:5:   slime_altar_1, lab_entry_generic, nicolae_volcano_entry_s_turn,
          grunt_megastairs_4, serial_bayou_shore_a, infiniplex_staircase_pool_2
Lair:6:   hangedman_lair_tendril_chambers, wormcave

Skill      XL: |  1  2  3  4  5  6  7  8  9 10 11 12 13 |
---------------+----------------------------------------+-----
Conjurations   | 1 2 3 4 5 6 7 |  7.9
Fire Magic     | 3 4 5 6 7 8 |  8.6
Stealth        | 3 |  3.3
Spellcasting   | 3 4 5 6 7 8 10 11 | 11.2
Unarmed Combat | 1 8 9 10 | 10.7
Fighting       | 1 3 7 8 9 |  9.9
Invocations    | 1 3 4 |  4.9
Dodging        | 5 6 7 11 10 | 11.1
Hexes          | 2 |  2.8
Transmutations | 6 3 7 |  7.5
Ice Magic      | 2 1 |  2.4

Action                   |  1- 3 |  4- 6 |  7- 9 | 10-12 | 13-15 || total
-------------------------+-------+-------+-------+-------+-------++-------
Melee: Unarmed           |    43 |    19 |   211 |   333 |   107 ||   713
       Bite              |     2 |     1 |    26 |    28 |     3 ||    60
       Punch             |       |       |       |     6 |     5 ||    11
 Cast: Flame Tongue      |    68 |    95 |   150 |   283 |    41 ||   637
       Throw Flame       |       |    15 |    66 |    84 |     2 ||   167
       Conjure Flame     |       |     6 |     1 |    16 |     1 ||    24
       Sticky Flame      |       |     8 |    23 |   169 |    46 ||   246
       Fireball          |       |       |     1 |    82 |    19 ||   102
       Ice Form          |       |       |       |     7 |     4 ||    11
Invok: Upheaval          |       |       |     2 |       |       ||     2
       Elemental Force   |       |       |       |     5 |       ||     5
       Disaster Area     |       |       |       |       |     2 ||     2
Evoke: Wand              |       |       |     9 |    26 |     2 ||    37
       Lightning rod     |       |       |       |     7 |     1 ||     8
       Fan of gales      |       |       |       |       |     1 ||     1
  Use: Scroll            |     5 |     6 |     8 |    11 |     8 ||    38
       Potion            |       |     2 |     4 |     7 |     7 ||    20
 Stab: Sleeping          |     1 |       |       |       |       ||     1
       Petrified         |       |       |       |       |     2 ||     2
  Eat: Chunk             |    11 |    12 |    16 |    55 |     8 ||   102
       Meat ration       |       |       |       |     1 |       ||     1
Armor: Skin              |     4 |     4 |    35 |    43 |    32 ||   118
Dodge: Dodged            |    62 |    51 |   233 |   431 |   176 ||   953
       Deflected         |       |       |       |    13 |       ||    13
Block: Other             |       |     1 |    31 |   155 |    56 ||   243
